 Dungeon Crawl Stone Soup version 0.27.0-1-g7a089689b8 (webtiles) character file.

Game seed: 6936896822945104339

42 dolemite99 the Cutter (level 3, -2/19 HPs)
             Began as a Vine Stalker Fighter on Aug 12, 2021.
             Slain by Sigmund (6 damage)
             ... on level 2 of the Dungeon.
             The game lasted 00:01:38 (1578 turns).

dolemite99 the Cutter (Vine Stalker Fighter)        Turns: 1578, Time: 00:01:38

Health: -2/19      AC:  6    Str: 18    XL:     3   Next: 56%
Magic:  0/4        EV:  7    Int:  8    God:
Gold:   84         SH:  9    Dex: 14    Spells: 2/2 levels left

rFire    . . .     SeeInvis .   a - +0 rapier
rCold    . . .     Faith    .   c - +0 kite shield
rNeg     . . .     Spirit   +   b - +0 scale mail
rPois    .         Reflect  .   (no helmet)
rElec    .         Harm     .   (no cloak)
rCorr    .         Rampage  .   (no gloves)
Will     .....                  (no boots)
Stlth    ..........             (no amulet)
HPRegen  0.06/turn              (no ring)
MPRegen  0.09/turn              (no ring)

@: no status effects
A: fangs 2, magic shield, antimagic bite, no potion heal 2
a: no special abilities


You were on level 2 of the Dungeon.
You visited 1 branch of the dungeon, and saw 2 of its levels.

You collected 84 gold pieces.

Inventory:

Hand Weapons
 a - a +0 rapier (weapon)
Missiles
 h - 37 stones (quivered)
Armour
 b - a +0 scale mail (worn)
 c - a +0 kite shield (worn)
Magical Staves
 e - a staff of earth
Scrolls
 f - a scroll of blinking {unknown}
 i - a scroll of vulnerability {unknown}
 j - a scroll of fear {unknown}
Potions
 d - a potion of mutation {unknown}
 g - a potion of lignification {unknown}


   Skills:
 - Level 2.6 Fighting
 + Level 3.5 Short Blades
 - Level 2.4 Armour
 - Level 2.6 Shields


You had 2 spell levels left.
You didn't know any spells.
Your spell library was empty.

Dungeon Overview and Level Annotations

Branches:
Dungeon (2/15)

Altars:

Annotations:
D:2 Sigmund


Innate Abilities, Weirdness & Mutations

You have extremely sharp teeth.
When hurt, damage is shared between your health and your magic reserves.
Your bite disrupts and absorbs the magic of your enemies.
Potions cannot restore your health.


Message History

No target in view!
No target in view!
No target in view!
No target in view!
No target in view!
No target in view!
No target in view!
No target in view!
No target in view!
No target in view!
No target in view!
No target in view!
No target in view!
No target in view!
No target in view!
No target in view!
h - 38 stones (gained 1) Sigmund the Dreaded comes into view.
He is wielding a +0 scythe and wearing a +0 robe of positive energy.
Sigmund shouts!
Sigmund is nearby!
You throw a stone. The stone closely misses Sigmund.
Sigmund says, "Don't worry, I'll kill you fast."
Okay, then.
Okay, then.
Sigmund gestures at you while chanting.
The magic dart hits you but does no damage.
You closely miss Sigmund. Your bite misses Sigmund.
Sigmund casts a spell.
Sigmund flickers and vanishes!
Deactivating autopickup; reactivate with Ctrl-A.
You hit something. Your bite misses something.
You hear some strange, mumbled words.
A puff of flame appears from out of thin air!
The puff of flame hits you!
Ouch! That really hurt!
Your shield and scale mail prevent you from hitting something.
Something hits you.
* * * LOW HITPOINT WARNING * * *
You miss something. Something hits you but does no damage. Something hits you!
You die...

## ######## ... .......#
..# .#####.# ### ...# .#
#.# ##.#..###
.#####.########.@{....#
.##..............(...(#
.##.##.########....##...
.##.##.# ##.#.# #
.##.##.# #.#.# .......#
#.#.. #####.#### #+# ##
#........# #.###.##.#


There were no monsters in sight!

Vanquished Creatures
  An adder (D:2)
  A gnoll (D:1)
  2 ball pythons (D:1)
  6 endoplasms
  3 goblins
  A hobgoblin (D:1)
  3 jackals (D:1)
  2 frilled lizards (D:1)
  A kobold (D:1)
  2 rats (D:1)
22 creatures vanquished.

Notes
Turn   | Place    | Note
-------+----------+-------------------------------------------
     0 | D:1      | dolemite99 the Vine Stalker Fighter began the quest for the
                  | Orb.
     0 | D:1      | Reached XP level 1. HP: 11/11 MP: 2/2
    46 | D:1      | Reached skill level 2 in Short Blades
   243 | D:1      | Reached XP level 2. HP: 16/16 MP: 3/3
   572 | D:1      | Found a faded altar of an unknown god.
   697 | D:1      | Reached skill level 3 in Short Blades
   726 | D:1      | Reached XP level 3. HP: 16/19 MP: 4/4
  1571 | D:2      | Noticed Sigmund
  1578 | D:2      | Slain by Sigmund

Illustrated notes

Levels and vault maps discovered:
D:1:      sevenhm_arrival_forest_fort_small_3, layout_loops_corners,
          hellmonk_ecumenical_altar_run_dry, nrook_mini_backslash
D:2:      layout_loops_corners, uniq_sigmund, uniq_natasha

Skill      XL: |  1  2 |
---------------+-------+-----
Short Blades   | 2 3 |  3.5
Fighting       | |  2.6
Armour         | |  2.4
Shields        | |  2.6

Action                   || total
-------------------------++-------
Melee: Rapier            ||    55
       Bite              ||    12
Throw: Stone             ||    28
  Use: Potion            ||     1
Armor: Scale mail        ||    16
Dodge: Dodged            ||    10
Block: Kite shield       ||    33
